 Dungeon Crawl Stone Soup version 0.19.1 (webtiles) character file.

37 Iskender the Sneak (level 3, -9/26 HPs)
             Began as an Octopode Chaos Knight on Dec 22, 2016.
             Mangled by a small abomination (21 damage)
             ... summoned by the capriciousness of Xom
             ... on level 2 of the Dungeon.
             The game lasted 00:02:12 (769 turns).

Iskender the Sneak (Octopode Chaos Knight)           Turns: 769, Time: 00:02:13

Health: -9/26      AC:  1    Str: 11    XL:     3   Next: 41%
Magic:  3/3        EV: 13    Int: 14    God:    Xom [..*...]
Gold:   130        SH:  0    Dex: 12    Spells: 0 memorised, 2 levels left

rFire  . . .     SeeInvis .     a - +0 spear
rCold  . . .     Gourm    .     (no shield)
rNeg   . . .     Faith    .     (helmet restricted)
rPois  .         Spirit   .     (no amulet)
rElec  .         Reflect  .     g - ring of loudness (curse)
rCorr  .         Harm     .     (no ring)
MR     .....                    (no ring)
Stlth  +++.......               (no ring)
                                (no ring)
                                (no ring)
                                (no ring)
                                (no ring)

@: no status effects
A: almost no armour, stealthy swim, amphibious, 8 rings, constrict 8, camouflage
1, gelatinous body 1
a: Renounce Religion


You were on level 2 of the Dungeon.
You worshipped Xom.
You were a toy of Xom.
You were not hungry.

You visited 1 branch of the dungeon, and saw 2 of its levels.

You collected 130 gold pieces.

Inventory:

Hand Weapons
 a - a +0 spear (weapon)
 c - a +0 spear of chaos
Missiles
 f - 67 stones (quivered)
Jewellery
 g - a cursed ring of loudness (left tentacle)
Potions
 d - a potion of beneficial mutation {unknown}
 e - a potion of haste {unknown}
Comestibles
 b - a bread ration
 i - a chunk of flesh


   Skills:
 - Level 3.0 Fighting
 - Level 3.0 Polearms
 - Level 2.3 Dodging
 + Level 4.3 Stealth


You had 2 spell levels left.
You didn't know any spells.

Dungeon Overview and Level Annotations

Branches:
Dungeon (2/15)

Altars:


Innate Abilities, Weirdness & Mutations

You cannot wear most types of armour.
You are very stealthy in the water. (Stealth+)
You are amphibious.
You can wear up to eight rings at the same time.
You can use your tentacles to constrict eight enemies at once.
Your skin changes colour to match your surroundings (Stealth+).
Your rubbery body absorbs attacks. (AC +1, EV +1)


Message History

As you read the scroll labeled KUITHE NUCWO, it crumbles to dust.
It is a scroll of enchant armour.
You aren't carrying any armour which can be enchanted further.
You hit the small abomination.
The small abomination is lightly damaged.
The small abomination misses you.
The small abomination closely misses you.
You completely miss the small abomination.
The small abomination is lightly damaged.
The small abomination barely misses you.
The small abomination closely misses you.
The small abomination hits you!
Ouch! That really hurt!
You barely miss the small abomination.
You squeeze the small abomination, but do no damage.
The small abomination is lightly damaged.
The small abomination barely misses you.
The small abomination hits you!!
Ouch! That really hurt!
You die...

### #.# ####.# #.#
.....# #.# ####.#
#.# .....# #..
.##### #.# .# #.#
#x# .# #.# #@# .#
#.# #x# .# #.# #.#
.# #.# #.# .# #.#
#.# .# #.# #.#
.#####.# #.#
.......#########.##
..................#


You could see 2 small abominations.

Vanquished Creatures
  A gnoll (D:1)
  A dart slug (D:1)
  A leopard gecko (D:1)
  7 goblins (D:1)
  3 hobgoblins
  5 bats (D:1)
  3 kobolds
  4 rats (D:1)
25 creatures vanquished.

Notes
Turn   | Place    | Note
-------+----------+-------------------------------------------
     0 | D:1      | Iskender the Octopode Chaos Knight began the quest for the Orb.
     0 | D:1      | Reached XP level 1. HP: 16/16 MP: 1/1
    48 | D:1      | XOM: harmless Pois miscast
    56 | D:1      | Reached skill level 1 in Stealth
    63 | D:1      | Reached skill level 2 in Stealth
    91 | D:1      | Reached XP level 2. HP: 21/21 MP: 2/2
   166 | D:1      | Reached skill level 3 in Stealth
   190 | D:1      | XOM: harmless Divn miscast
   364 | D:1      | XOM: silly message
   612 | D:1      | XOM: harmless Tloc miscast
   615 | D:1      | Reached XP level 3. HP: 22/26 MP: 3/3
   621 | D:1      | Reached skill level 4 in Stealth
   652 | D:1      | XOM: harmless Necr miscast
   765 | D:2      | XOM is BORED!
   765 | D:2      | XOM: medium Summ miscast
   766 | D:2      | Noticed a small abomination
   766 | D:2      | Noticed a small abomination
   769 | D:2      | Mangled by a small abomination

Skill      XL: |  1  2  3 |
---------------+----------+-----
Stealth        | 2 3 4 |  4.3
Fighting       | |  3.0
Polearms       | |  3.0
Dodging        | |  2.3

Action                   || total
-------------------------++-------
Melee: Spear             ||    63
       Tentacles         ||     5
       Constrict         ||     9
  Use: Scroll            ||     1
 Stab: Sleeping          ||     7
Armor: Skin              ||     7
Dodge: Dodged            ||    29
